Map: Magannatha LE

Players

jeannysu

  • Race: Zerg Zerg
  • Spawn Location: 5:00

인공지능 칸 (정예) - Winner!

  • Race: Terran Terran
  • Spawn Location: 11:00

VOD

Have the link to the VOD?

Description

Time

  • Played on: Sept. 29, 2025, 9:51 a.m.
  • Length: 6:30
Show
View Real Time Build Order
Export as new Build Order

jeannysu Zerg 

Build Orders: Hatch First 

Get SALT Encoding   

  12  0:00  Drone  
  13  0:08  Drone  
  14  0:18  Drone, Extractor  
  15  0:23  Overlord  
  15  0:44  Hatchery  
  15  0:46  Drone  
  15  0:51  Drone  
  15  0:53  Drone  
  17  0:58  Drone  
  18  1:08  Extractor  
  17  1:14  Spawning Pool  
  17  1:17  Drone  
  17  1:21  Drone  
  18  1:29  Drone  
  19  1:40  Drone  
  20  1:51  Overlord  
  20  2:03  Zergling x4, Queen  
  20  2:04  Queen  
  26  2:10  Overlord  
  26  2:13  Drone  
  27  2:20  Metabolic Boost  
  27  2:31  Drone x3  
  27  2:35  Drone  
  31  2:47  Drone x2  
  31  2:48  Queen  
  31  2:51  Drone  
  36  3:08  Hatchery  
  35  3:18  Drone x5  
  40  3:24  Drone  
  41  3:32  Drone  
  41  3:33  Roach Warren  
  41  3:37  Overlord  
  41  3:40  Drone x2  
  43  3:44  Drone  
  44  3:55  Queen  
  44  4:02  Overlord x2  
  46  4:09  Queen  
  46  4:13  Drone  
  46  4:14  Drone x3  
  52  4:19  Queen  
  54  4:25  Zergling x8  
  54  4:26  Zergling x6  
  61  4:33  Extractor  
  60  4:39  Drone  
  60  4:41  Roach  
  60  4:42  Roach x5  
  73  4:50  Overlord x2  
  73  5:02  Extractor  
  73  5:06  Drone  
  74  5:07  Drone  
  74  5:10  Drone x2  
  74  5:11  Drone x7  
  83  5:16  Roach  
  83  5:17  Roach  
  87  5:21  Lair  
  87  5:30  Overlord x2  
  87  5:42  Overlord x4  
  87  6:04  Roach  
  87  6:05  Roach x5  
  87  6:07  Hatchery, Roach  
  100  6:29  Extractor  
Show
View Real Time Build Order
Export as new Build Order

인공지능 칸 (정예) Terran - Winner!

Build Orders: Command Center First 

Get SALT Encoding   

  12  0:00  SCV  
  13  0:13  SCV  
  14  0:18  Supply Depot  
  14  0:25  SCV  
  15  0:39  SCV  
  16  0:51  SCV  
  17  1:03  SCV  
  17  1:04  Command Center  
  18  1:16  Barracks  
  18  1:17  SCV  
  19  1:45  Supply Depot  
  19  1:51  Refinery, SCV  
  20  2:02  Marine  
  20  2:04  Orbital Command  
  21  2:09  Barracks  
  21  2:16  SCV  
  21  2:18  Refinery  
  21  2:20  Marine  
  23  2:28  SCV  
  24  2:37  Supply Depot  
  24  2:38  Marine  
  24  2:39  SCV  
  26  2:47  Orbital Command  
  26  2:53  SCV  
  26  2:56  Marine x2  
  29  3:04  Factory  
  29  3:05  SCV  
  30  3:13  Marine  
  30  3:14  Marine  
  30  3:15  SCV  
  30  3:17  SCV  
  34  3:27  SCV  
  34  3:29  SCV  
  34  3:31  Marine x2  
  34  3:33  Barracks  
  38  3:39  SCV  
  39  3:41  SCV  
  40  3:49  Barracks Tech Lab, Factory Tech Lab  
  40  3:51  SCV  
  40  3:52  Supply Depot, Barracks Tech Lab  
  40  3:53  SCV  
  42  4:03  SCV  
  42  4:05  SCV  
  42  4:07  Marine  
  42  4:08  Stimpack  
  42  4:09  Siege Tank  
  48  4:10  Marine  
  48  4:12  Combat Shield  
  48  4:15  SCV  
  50  4:17  SCV  
  50  4:19  Marine  
  50  4:21  Supply Depot  
  52  4:25  Marine  
  52  4:27  SCV  
  52  4:28  Marine  
  52  4:30  Supply Depot, SCV  
  56  4:39  Marine  
  56  4:40  SCV  
  56  4:41  Siege Tank  
  56  4:42  Refinery, SCV  
  62  4:46  Marauder  
  62  4:47  Marauder  
  67  4:52  SCV  
  67  4:54  SCV  
  67  4:57  Supply Depot  
  68  5:01  Refinery  
  68  5:04  SCV  
  68  5:06  SCV  
  70  5:07  Marauder  
  70  5:09  Marauder  
  74  5:17  SCV  
  74  5:18  Engineering Bay, SCV  
  76  5:22  Supply Depot  
  76  5:26  Engineering Bay  
  76  5:29  Marauder, SCV  
  76  5:30  Command Center  
  80  5:35  SCV  
  80  5:40  Marauder  
  80  5:41  SCV  
  83  5:47  SCV  
  83  5:50  Marauder  
  83  5:52  Supply Depot  
  83  5:53  SCV  
  86  5:57  Hellion  
  86  6:01  Marauder  
  90  6:08  Barracks Reactor  
  90  6:15  Supply Depot  
  92  6:25  Missile Turret  
  96  6:29  Missile Turret  
Tags
 
Add a new tag
Caveats
  • Supply blocks, unpowered buildings, or Contaminate may cause inaccurate times.
  • Supply counts are checked every 10 seconds.